 Dungeon Crawl Stone Soup version 0.29-a0-322-g68df515428 (webtiles) character file.

Game seed: 15611240683680060722

11568 HotDog the Cleaver (level 11, -25/97 HPs)
             Began as a Hill Orc Fighter on Apr 7, 2022.
             Was a Priest of Qazlal.
             Annihilated by a boulder beetle (38 damage)
             ... on level 12 of the Dungeon.
             The game lasted 00:18:26 (15562 turns).

HotDog the Cleaver (Hill Orc Fighter)              Turns: 15562, Time: 00:18:26

Health: -25/97     AC: 20    Str: 21    XL:     11   Next: 79%
Magic:  16/16      EV: 12    Int:  8    God:    Qazlal [***...]
Gold:   1157       SH:  9    Dex: 12    Spells: 10/10 levels left

rFire   . . .      SeeInvis .   a - +0 war axe (chaos)
rCold   + . .      Faith    .   c - +0 buckler
rNeg    + . .      Spirit   .   p - +4 ring mail of Privacy {Will+ Str-3 Dex+2 Slay+2}
rPois   .          Reflect  .   v - +2 helmet "Nyhus" {Will+ Regen+ Dex-4 Slay+3}
rElec   +          Harm     .   (no cloak)
rCorr   .          Rampage  .   (no gloves)
Will    ++...                   z - +1 pair of boots
Stlth   +.........              (no amulet)
HPRegen 1.06/turn               w - ring of the Spinneret {rElec rC+ rN+ Dex+4}
MPRegen 0.15/turn               b - +4 ring of protection

@: no status effects
A: no striking features
a: Renounce Religion, Upheaval, Elemental Force


You were on level 12 of the Dungeon.
You worshipped Qazlal.
Qazlal was most pleased with you.
You visited 2 branches of the dungeon, and saw 13 of its levels.

You collected 1157 gold pieces.

Inventory:

Hand Weapons
 a - a +0 war axe of chaos (weapon)
Armour
 c - a +0 buckler (worn)
 p - the +4 ring mail of Privacy (worn) {Will+ Str-3 Dex+2 Slay+2}
   (You found it on level 5 of the Dungeon)

   Str:       It affects your strength (-3).
   Dex:       It affects your dexterity (+2).
   Slay:      It affects your accuracy & damage with ranged weapons and melee
   (+2).
   Will:      It increases your willpower.
 v - the +2 helmet "Nyhus" (worn) {Will+ Regen+ Dex-4 Slay+3}
   (You acquired it on level 7 of the Dungeon)

   Dex:       It affects your dexterity (-4).
   Slay:      It affects your accuracy & damage with ranged weapons and melee
   (+3).
   Regen:     It increases your rate of health regeneration.
   Will:      It increases your willpower.
 z - a +1 pair of boots (worn)
Jewellery
 b - a +4 ring of protection (right hand)
 n - a +6 ring of dexterity
 s - a ring of poison resistance
 u - a ring of flight
 w - the ring of the Spinneret (left hand) {rElec rC+ rN+ Dex+4}
   (You acquired it on level 7 of the Dungeon)

   [ring of protection from cold]

   Dex:       It affects your dexterity (+4).
   rC:        It protects you from cold.
   rElec:     It insulates you from electricity.
   rN:        It protects you from negative energy.
Wands
 h - a wand of digging (8)
 l - a wand of mindburst (7)
 y - a wand of iceblast (25)
 A - a wand of charming (5)
 C - a wand of flame (11)
Scrolls
 e - 3 scrolls of amnesia
 g - 11 scrolls of teleportation
 o - 2 scrolls of silence
 q - 3 scrolls of vulnerability
 r - a scroll of identify
 B - a scroll of noise
 E - a scroll of enchant weapon {unknown}
Potions
 d - 3 potions of mutation
 f - a potion of attraction
 i - 4 potions of lignification
 j - 2 potions of resistance {unknown}
 k - 5 potions of curing
 m - 3 potions of degeneration {unknown}
 t - 2 potions of ambrosia {unknown}
 x - 2 potions of haste {unknown}
 D - 3 potions of heal wounds {unknown}


   Skills:
 * Level 9.2 Fighting
 * Level 14.3 Axes
 * Level 9.4 Armour
 * Level 4.6 Dodging
 * Level 7.5 Shields
 * Level 7.8 Invocations


You had 10 spell levels left.
You didn't know any spells.
Your spell library contained the following spells:

 Spells                   Type           Power      Damage    Failure   Level
 Animate Skeleton         Necr           0%         N/A       63%         1
 Apportation              Tloc           0%         N/A       63%         1
 Magic Dart               Conj           0%         1d3       63%         1
 Summon Small Mammal      Summ           0%         N/A       63%         1
 Blink                    Tloc           0%         N/A       77%         2
 Call Imp                 Summ           0%         N/A       77%         2
 Conjure Flame            Conj/Fire      0%         6-21      94%         3
 Ignite Poison            Fire/Tmut/Pois 0%         N/A       94%         3
 Lesser Beckoning         Tloc           0%         N/A       94%         3
 Mephitic Cloud           Conj/Pois/Air  0%         N/A       94%         3
 Animate Dead             Necr           0%         N/A       100%        4
 Sticky Flame             Conj/Fire      0%         2d3       100%        4
 Manifold Assault         Tloc           0%         N/A       100%        5
 Haunt                    Necr/Summ      0%         N/A       100%        7
 Infestation              Necr           0%         N/A       100%        8


Dungeon Overview and Level Annotations

Branches:
Dungeon (12/15)            Temple (1/1) D:7            Lair (0/6) D:9
    Orc (0/2) D:10

Altars:
Ashenzari
Cheibriados
Dithmenos
Elyvilon
Fedhas
Gozag
Hepliaklqana
Kikubaaqudgha
Makhleb
Nemelex Xobeh
Okawaru
Qazlal
Ru
Sif Muna
Trog
Uskayaw
Vehumet
Wu Jian
Xom
Yredelemnul
Zin
The Shining One

Shops:
D:6 !   D:10 ?:[


Message History

There is an open door here.
You open the door.
There is an open door here.
There is an open door here.
Done exploring.
No target in view!
Done exploring.
No target in view!
Done exploring.
No target in view!
Done exploring.
No target in view!
Done exploring.
Search for what [? for help]? axe Done exploring.
Done exploring.
No target in view!
There is a stone staircase leading down here.
You climb downwards.
Found 20 gold pieces.
There is a stone staircase leading up here.
A boulder beetle comes into view.
A boulder beetle is nearby!
There is a stone staircase leading up here.
You hit the boulder beetle but do no damage.
You hit the boulder beetle but do no damage.
The boulder beetle seems to grow stronger.
The boulder beetle bites you!!
You barely miss the boulder beetle. The boulder beetle bites you!!
You are too injured to fight recklessly!
You hit the boulder beetle but do no damage.
The boulder beetle bites you!!
* * * LOW HITPOINT WARNING * * *
You are too injured to fight recklessly!
You hit the boulder beetle but do no damage.
The boulder beetle bites you but does no damage.
You feel better. You block the boulder beetle's attack.
The boulder beetle attacks as you move away!
The boulder beetle bites you!!!
You die...

. .. #. . #.. ..
#...#########...
##.....§.........
......B@<........
.......☼...$.....
.................
.................
.................
.................
.................
.................
######.........


You could see a boulder beetle (strong).

Vanquished Creatures
  A two-headed ogre (D:11)
  2 manticores (D:11)
  A salamander (shapeshifter) (D:11)
  2 gargoyles (D:10)
  A kobold demonologist (D:11)
  A troll (D:10)
  23 yaks
  2 shadows
  2 steam dragons
  A wraith (D:9)
  4 vampire mosquitoes (D:11)
  An acid dragon (D:10)
  A warg (D:10)
  Duvessa (D:4)
  2 ice beasts
  3 orc warriors
  2 black bears
  3 ogres
  4 centaurs
  3 bullfrogs
  A necrophage (D:6)
  A scorpion (D:5)
  Dowan (D:4)
  5 wights
  14 killer bees
  10 howler monkeys
  3 jellies
  6 orc priests
  Crazy Yiuf (D:7)
  7 hounds
  5 iguanas
  13 orc wizards
  3 gnolls (D:6)
  4 adders
  3 white imps
  2 ufetubi
  2 worms (D:2)
  3 dart slugs
  42 orcs
  4 bats
  9 endoplasms
  2 giant cockroaches (D:1)
  8 goblins
  12 hobgoblins
  11 kobolds
  A quokka (D:4)
  9 ball pythons
  2 frilled lizards
  8 rats
252 creatures vanquished.

Vanquished Creatures (others)
  An orc (D:7)
1 creature vanquished.

Grand Total: 253 creatures vanquished

Notes
Turn   | Place    | Note
-------+----------+-------------------------------------------
     0 | D:1      | HotDog the Hill Orc Fighter began the quest for the Orb.
     0 | D:1      | Reached XP level 1. HP: 19/19 MP: 1/1
   242 | D:1      | Reached XP level 2. HP: 26/27 MP: 2/2
   321 | D:1      | Found a faded altar of an unknown god.
   392 | D:1      | Reached skill level 3 in Axes
   577 | D:1      | Reached XP level 3. HP: 33/33 MP: 3/3
   768 | D:1      | Reached skill level 1 in Invocations
  1111 | D:2      | Reached XP level 4. HP: 36/40 MP: 4/4
  1550 | D:2      | Reached skill level 4 in Axes
  2026 | D:3      | Found a basalt altar of Yredelemnul.
  2117 | D:3      | Reached XP level 5. HP: 43/46 MP: 6/6
  2148 | D:3      | Found an ancient bone altar of Kikubaaqudgha.
  3054 | D:4      | Noticed Duvessa
  3123 | D:4      | Noticed an ogre
  3277 | D:4      | Reached skill level 1 in Dodging
  3509 | D:4      | Killed an ogre
  3510 | D:4      | Reached skill level 5 in Axes
  3510 | D:4      | Reached XP level 6. HP: 4/53 MP: 7/7
  4132 | D:4      | Killed Duvessa
  4531 | D:4      | Reached skill level 6 in Axes
  4548 | D:4      | Noticed Dowan
  4730 | D:4      | Reached XP level 7. HP: 60/60 MP: 7/9
  4769 | D:3      | Reached skill level 5 in Armour
  5306 | D:4      | Killed Dowan
  5976 | D:4      | Reached skill level 5 in Fighting
  6217 | D:5      | Entered Level 5 of the Dungeon
  6262 | D:5      | Reached skill level 7 in Axes
  6262 | D:5      | Reached XP level 8. HP: 68/68 MP: 10/10
  6344 | D:6      | HP: 3/68 [something/magic dart (5)]
  6635 | D:6      | HP: 2/68 [ogre/+0 giant spiked club (24)]
  7132 | D:6      | Reached skill level 8 in Axes
  7475 | D:6      | Found Gyhek's Distillery.
  7812 | D:6      | Found a glowing golden altar of the Shining One.
  7889 | D:6      | Became a worshipper of the Shining One
  8018 | D:7      | Reached skill level 9 in Axes
  8018 | D:7      | Reached skill level 5 in Shields
  8018 | D:7      | Reached XP level 9. HP: 72/75 MP: 12/12
  8108 | D:7      | Found a bloodstained altar of Trog.
  8300 | D:7      | Found a staircase to the Ecumenical Temple.
  8317 | Temple   | Entered the Ecumenical Temple
  8540 | Temple   | Fell from the grace of the Shining One
  8540 | Temple   | Became a worshipper of Qazlal Stormbringer
  8795 | D:7      | Identified 3 scrolls of acquirement
  8795 | D:7      | Acquired the +2 helmet "Nyhus" {Will+ Regen+ Dex-4 Slay+3}
  8807 | D:7      | Acquired the ring of the Spinneret {rElec rC+ rN+ Dex+4}
  8827 | D:7      | Acquired 645 gold pieces
  9141 | D:7      | Found a runed translucent door.
  9142 | D:7      | Noticed Crazy Yiuf
  9346 | D:7      | Found a glowing silver altar of Zin.
  9490 | D:7      | Killed Crazy Yiuf
  9616 | D:8      | Reached skill level 5 in Invocations
  9619 | D:8      | Reached skill level 10 in Axes
 10274 | D:8      | Noticed a two-headed ogre
 10713 | D:9      | Reached skill level 11 in Axes
 10871 | D:9      | Found a staircase to the Lair.
 11004 | D:9      | Reached XP level 10. HP: 79/84 MP: 14/14
 11095 | D:9      | Reached * piety under Qazlal
 11238 | D:9      | Found a white marble altar of Elyvilon.
 11501 | D:8      | Found a shadowy altar of Dithmenos.
 11588 | D:8      | Found an ornate altar of the Wu Jian Council.
 11980 | D:5      | Found a sparkling altar of Nemelex Xobeh.
 11980 | D:5      | Found an opulent altar of Gozag.
 12351 | D:5      | Found a radiant altar of Vehumet.
 12360 | D:5      | Found a snail-covered altar of Cheibriados.
 12640 | D:5      | Identified the +4 ring mail of Privacy {Will+ Str-3 Dex+2
                  | Slay+2}
 13014 | D:10     | Entered Level 10 of the Dungeon
 13014 | D:10     | Found Jiocroog's Armour Emporium.
 13140 | D:10     | Reached skill level 12 in Axes
 13140 | D:10     | Found Joaxzekh's Book Shop.
 13403 | D:10     | Noticed a gargoyle
 13419 | D:10     | Killed a gargoyle
 13427 | D:10     | Reached ** piety under Qazlal
 13639 | D:10     | Noticed a gargoyle
 13652 | D:10     | Killed a gargoyle
 13746 | D:10     | Found a staircase to the Orcish Mines.
 13806 | D:10     | Found Jenesept's Magic Scroll Shoppe.
 13976 | D:10     | Reached XP level 11. HP: 56/94 MP: 16/16
 14314 | D:11     | Noticed a sixfirhy
 14315 | D:11     | Reached skill level 13 in Axes
 14507 | D:11     | Noticed a manticore
 14517 | D:11     | Killed a manticore
 14687 | D:11     | Noticed a two-headed ogre
 14692 | D:11     | Killed a two-headed ogre
 14823 | D:11     | Noticed a salamander
 14823 | D:11     | a shapeshifter changed into a salamander
 14831 | D:11     | Killed a salamander
 14832 | D:11     | Reached skill level 14 in Axes
 15281 | D:11     | Noticed a manticore
 15291 | D:11     | Killed a manticore
 15291 | D:11     | Reached *** piety under Qazlal
 15553 | D:12     | Noticed a boulder beetle
 15559 | D:12     | HP: 1/97 [boulder beetle (32)]
 15562 | D:12     | Annihilated by a boulder beetle

Illustrated notes

Levels and vault maps discovered:
D:1:      minmay_arrival_three_doors, layout_loops_ring,
          ebering_ecumenical_altar_rust
D:2:      layout_loops_cross, serial_aquarium, aquarium_bridge_long_joined
          [aquarium_subvault_wall, aquarium_subvault_bridge,
          aquarium_subvault_window, aquarium_subvault_window,
          aquarium_subvault_window, aquarium_subvault_wall],
          aquarium_window_fake, aquarium_window_1, aquarium_window_1,
          aquarium_view_4, aquarium_balcony_3b, aquarium_pool_2
D:3:      layout_loops_corners, lemuel_round_altar, kennysheep_flooded_box
D:4:      layout_rooms, uniq_duvessa
D:5:      layout_basic, grunt_temple_overflow_opulence,
          mainiacjoe_overflow_swirl, minmay_a_box_with_orc_wizards_in_it
D:6:      layout_cave_pods, tso_oasis_becter, serial_shops, shop
D:7:      layout_basic, nicolae_overflow_hidden_temple, zin_scriptorium,
          minmay_temple_entry_arrows, uniq_crazy_yiuf_cottage
D:8:      layout_cave_pods, lemuel_crystal_altar, nicolae_wu_jian_wuxing_cycle
D:9:      layout_long_grid, elyvilon_altar_1, lair_entry_dummy, minmay_holes
D:10:     layout_rooms, david_orc_3, serial_shops, nicolae_stop_n_shop_1, shop,
          shop
D:11:     layout_irregular_city
D:12:     layout_long_grid, minmay_fractal_squares_diagonal_5
Temple:   minmay_temple_curvy_loop

Skill      XL: |  1  2  3  4  5  6  7  8  9 10 11 |
---------------+----------------------------------+-----
Axes           | 3 4 5 6 7 9 11 12 14 | 14.3
Invocations    | 1 2 3 4 5 6 7 |  7.8
Fighting       | 4 5 6 8 9 |  9.2
Armour         | 4 5 6 7 8 9 |  9.4
Dodging        | 1 2 3 4 |  4.6
Shields        | 4 5 6 7 |  7.5

Action                   |  1- 3 |  4- 6 |  7- 9 | 10-12 || total
-------------------------+-------+-------+-------+-------++-------
Melee: War axe           |    94 |   120 |   333 |   277 ||   824
  Use: Scroll            |       |     8 |     8 |     4 ||    20
       Potion            |       |     1 |     2 |     2 ||     5
 Stab: Invisible         |       |       |     1 |       ||     1
Armor: Scale mail        |    47 |    33 |       |       ||    80
       Chain mail        |       |    21 |   145 |       ||   166
       Plate armour      |       |       |   163 |    53 ||   216
       Ring mail         |       |       |       |    85 ||    85
Dodge: Dodged            |    46 |    48 |   180 |   123 ||   397
Block: Buckler           |    20 |    17 |   106 |   109 ||   252

Table legend: (Time is in decaauts)
 A = Elapsed time spent in this place.
 B = Non-inter-level travel time spent in this place.
 C = Inter-level travel time spent in this place.
 D = Time resting spent in this place.
 E = Time spent auto-exploring this place.
 F = Levels seen in this place.
 G = Mean time per level.
                   A        B        C        D        E       F      G
               +--------+--------+--------+--------+--------+-----+--------+
         Total |  15660 |  14739 |    921 |   5292 |   7344 |  13 | 1204.6 |
       Dungeon |  15290 |  14437 |    853 |   5192 |   7159 |  12 | 1274.2 |
        Temple |    369 |    301 |     68 |    100 |    185 |   1 |  369.0 |
               +--------+--------+--------+--------+--------+-----+--------+

Top non-repeatable levels by time:
     D:3: 3195 daAuts
     D:6: 1772 daAuts
     D:7: 1466 daAuts
    D:10: 1277 daAuts
    D:11: 1237 daAuts
     D:9: 1181 daAuts
     D:4: 1113 daAuts
     D:5: 1095 daAuts
     D:2: 1003 daAuts
     D:1: 999 daAuts
     D:8: 937 daAuts
  Temple: 369 daAuts
    D:12: 8 daAuts
